 Dungeon Crawl Stone Soup version 0.27.0-1-g7a089689b8 (webtiles) character file.

Game seed: 14887225879303763019

2874 shadowrider38 the Basher (level 9, -7/51 HPs)
             Began as a Gargoyle Fighter on Aug 4, 2021.
             Killed by divine providence
             ... invoked by an orc priest
              (16 damage)
             ... on level 8 of the Dungeon.
             The game lasted 00:20:30 (8820 turns).

shadowrider38 the Basher (Gargoyle Fighter)         Turns: 8820, Time: 00:20:30

Health: -7/51      AC: 16    Str: 24    XL:     9   Next: 76%
Magic:  9/9        EV:  8    Int:  8    God:
Gold:   471        SH:  9    Dex:  9    Spells: 8/8 levels left

rFire    . . .     SeeInvis +   a - +0 flail
rCold    + . .     Faith    .   c - +0 kite shield
rNeg     + . .     Spirit   .   A - +0 swamp dragon scales
rPois    ∞         Reflect  .   j - +0 helmet
rElec    +         Harm     .   (no cloak)
rCorr    .         Rampage  .   v - +0 pair of gloves
Will     .....                  (no boots)
Stlth    ..........             (no amulet)
HPRegen  0.17/turn              d - ring of protection from cold
MPRegen  0.11/turn              u - ring of see invisible

@: no status effects
A: sickness immunity, AC +6, negative energy resistance 1, electricity
resistance, torment resistance 1, petrification resistance
a: no special abilities


You were on level 8 of the Dungeon.
You visited 1 branch of the dungeon, and saw 8 of its levels.

You collected 471 gold pieces.

Inventory:

Hand Weapons
 a - a +0 flail (weapon)
 b - a +0 hunting sling
Missiles
 i - 52 sling bullets
 l - 238 stones (quivered)
Armour
 c - a +0 kite shield (worn)
 j - a +0 helmet (worn)
 v - a +0 pair of gloves (worn)
 A - +0 swamp dragon scales (worn)
Jewellery
 d - a ring of protection from cold (left hand)
 u - a ring of see invisible (right hand)
Wands
 q - a wand of mindburst (13)
 y - a wand of charming (9)
 C - a wand of iceblast (8)
Scrolls
 h - 2 scrolls of enchant armour {unknown}
 k - 2 scrolls of blinking {unknown}
 m - a scroll of fog {unknown}
 o - 4 scrolls of teleportation {unknown}
 r - a scroll of amnesia {unknown}
 s - 2 scrolls of immolation {unknown}
 t - a scroll of enchant weapon {unknown}
Potions
 e - a potion of experience {unknown}
 f - 3 potions of curing {unknown}
 g - a potion of ambrosia
 n - a potion of resistance
 p - a potion of brilliance
 w - 2 potions of attraction {unknown}
 x - a potion of berserk rage
 z - a potion of haste
 B - a potion of degeneration {unknown}


   Skills:
 - Level 3.5 Fighting
 * Level 12.8 Maces & Flails
 - Level 0.2 Slings
 - Level 3.4 Armour
 - Level 3.3 Shields


You had 8 spell levels left.
You didn't know any spells.
Your spell library contained the following spells:

 Spells                   Type           Power      Damage    Failure   Level
 Ensorcelled Hibernation  Hex/Ice        0%         N/A       99%         2
 Static Discharge         Conj/Air       0%         N/A       99%         2
 Spider Form              Tmut/Pois      0%         N/A       100%        3
 Dispel Undead            Necr           0%         3d6       100%        4
 Sticky Flame             Conj/Fire      0%         2d3       100%        4
 Shadow Creatures         Summ           N/A        N/A       100%        6


Dungeon Overview and Level Annotations

Branches:
Dungeon (8/15)             Temple (0/1) D:4
   Lair: D:8-11

Altars:
Dithmenos
Gozag
Sif Muna
Uskayaw
Xom

Shops:
D:8 [


Innate Abilities, Weirdness & Mutations

You are immune to sickness and miasma.
Your stone body is resilient. (AC +6)
You are immune to poison.
You resist negative energy. (rN+)
You are resistant to electric shocks. (rElec)
You are resistant to unholy torment.
You are immune to petrification.


Message History

The orc priest closely misses you.
You completely miss the orc priest.
The orc priest is lightly wounded.
You hit the orc warrior but do no damage.
You barely miss the orc warrior.
The orc priest mumbles some strange prayers to Beogh against you.
Beogh smites you!
The orc warrior hits you with a +0 battleaxe!
You hit the orc.
The orc is moderately wounded.
You block the orc's attack.
You barely miss the orc.
The orc is moderately wounded.
You block the orc's attack.
You hit the orc.
The orc is severely wounded.
You hit the orc.
The orc is almost dead.
The orc hits you with a +0 dagger.
The orc priest looks satisfied for a moment.
You sock the orc!
You kill the orc!
The orc priest calls upon Beogh to heal the orc priest.
The orc priest's wounds heal themselves!
The orc priest invokes the aid of Beogh against you.
Beogh smites you!
The orc priest calls down the wrath of Beogh upon you.
Beogh smites you!
* * * LOW HITPOINT WARNING * * *
The orc priest calls upon Beogh to heal the orc priest.
The orc priest's wounds heal themselves!
There is an escape hatch in the floor here.
Found Miomnarr's Antique Armour Boutique.
Found a stone staircase leading down.
A steam dragon and an orc come into view.
The steam dragon hisses angrily.
Found 2 potions of brilliance.
The orc priest invokes the aid of Beogh against you.
Beogh smites you!
You die...

#.o####.....######.#
#..##...###......#.#
#.o##...###.####....
#.........#.######..
#...###.............
#####...###...#######...
.......o......# .......
#####...####..# .###...
#.#@..##..# ####
#...<.o...# #####
#.....##!.. #.....
#.8.∩.8# ## .#####
#.#..D## #...>..
#....... ...#####
######### .......<
........


You could see a steam dragon, an orc warrior, an orc priest and an orc.

Vanquished Creatures
  Maggie (D:7)
  Grinder (D:3)
  Menkaure (D:6)
  A water moccasin (D:7)
  4 ice beasts
  2 sky beasts
  2 black bears
  A necrophage (D:5)
  2 ogres (D:6)
  A phantom (D:5)
  Blork the orc (D:6)
  2 bullfrogs
  2 scorpions
  A water moccasin zombie (D:6)
  A water moccasin skeleton (D:5)
  A howler monkey (D:5)
  A centaur zombie (D:7)
  2 hounds (D:5)
  A bullfrog zombie (D:5)
  2 orc priests
  Ijyb (D:3)
  2 gnoll shamans (D:6)
  3 iguanas
  3 orc wizards
  A hound skeleton (D:4)
  4 gnolls
  A howler monkey skeleton (D:7)
  7 adders
  3 white imps
  2 adder skeletons (D:4)
  4 worms (D:2)
  3 dart slugs
  13 orcs
  7 ball pythons
  8 endoplasms
  2 giant cockroaches (D:3)
  5 goblins
  5 hobgoblins
  13 jackals
  3 quokkas
  4 bats
  5 frilled lizards
  9 kobolds
  5 rats
143 creatures vanquished.

Notes
Turn   | Place    | Note
-------+----------+-------------------------------------------
     0 | D:1      | shadowrider38 the Gargoyle Fighter began the quest for the
                  | Orb.
     0 | D:1      | Reached XP level 1. HP: 14/14 MP: 1/1
   258 | D:1      | Reached XP level 2. HP: 19/19 MP: 2/2
   944 | D:2      | Reached XP level 3. HP: 23/23 MP: 3/3
   962 | D:2      | Reached skill level 3 in Maces & Flails
  1800 | D:2      | Reached XP level 4. HP: 27/28 MP: 4/4
  1969 | D:2      | Reached skill level 4 in Maces & Flails
  2299 | D:3      | Noticed Grinder
  2302 | D:3      | Paralysed by Grinder for 3 turns
  2316 | D:3      | Killed Grinder
  2317 | D:3      | Reached skill level 6 in Maces & Flails
  2317 | D:3      | Reached XP level 5. HP: 25/32 MP: 5/5
  2317 | D:3      | Reached XP level 6. HP: 29/37 MP: 6/6
  2433 | D:3      | Noticed an ice beast
  2451 | D:3      | Killed an ice beast
  2880 | D:3      | Found a shadowy altar of Dithmenos.
  3203 | D:4      | Reached skill level 7 in Maces & Flails
  3234 | D:4      | Reached XP level 7. HP: 23/41 MP: 7/7
  3374 | D:4      | Noticed Ijyb
  3386 | D:3      | Paralysed by Ijyb for 3 turns
  3398 | D:3      | Paralysed by Ijyb for 5 turns
  3404 | D:3      | Killed Ijyb
  4201 | D:4      | Found a staircase to the Ecumenical Temple.
  4642 | D:5      | Entered Level 5 of the Dungeon
  4660 | D:5      | Reached skill level 8 in Maces & Flails
  4684 | D:5      | Found a shimmering blue altar of Sif Muna.
  5176 | D:5      | Reached XP level 8. HP: 42/46 MP: 8/8
  5258 | D:5      | Reached skill level 9 in Maces & Flails
  5743 | D:6      | Noticed Menkaure
  5789 | D:6      | Killed Menkaure
  5977 | D:5      | Reached skill level 10 in Maces & Flails
  6322 | D:6      | Noticed Blork the orc
  6337 | D:6      | Killed Blork the orc
  6365 | D:6      | Found an opulent altar of Gozag.
  6647 | D:6      | Found a hide-covered altar of Uskayaw.
  6688 | D:6      | You fall into a shaft and drop 1 floor!
  6700 | D:7      | Reached skill level 11 in Maces & Flails
  6700 | D:7      | Reached XP level 9. HP: 44/51 MP: 9/9
  7590 | D:7      | Noticed Maggie
  7637 | D:7      | Killed Maggie
  7638 | D:7      | Reached skill level 12 in Maces & Flails
  8782 | D:8      | Found a shimmering altar of Xom.
  8816 | D:8      | Found Miomnarr's Antique Armour Boutique.
  8820 | D:8      | Killed from afar by an orc priest

Illustrated notes

Levels and vault maps discovered:
D:1:      evilmike_arrival_crescent, layout_rooms
D:2:      layout_basic, st_stairs_1, kennysheep_generic_room_12
D:3:      layout_basic, nicolae_dithmenos_through_a_glass_darkly, uniq_grinder
D:4:      layout_basic, minmay_temple_entry_from_below_a, kennysheep_diamond,
          minmay_misc_feat_rugged, grunt_decor_resistance, uniq_ijyb
D:5:      layout_rooms, led_sif_pool
D:6:      layout_rooms, nicolae_gozag_cash_rules_everything_around_me,
          mainiacjoe_overflow_chevrons, minmay_chambers_of_fives, uniq_menkaure,
          uniq_blork_the_orc
D:7:      layout_basic, uniq_maggie
D:8:      layout_loops_ring, general_overflow_altar, lemuel_round_altar,
          tso_metal_star, ebering_ghost_reflecting_pool, nicolae_stop_n_shop_2

Skill      XL: |  1  2  3  4  5  6  7  8  9 |
---------------+----------------------------+-----
Maces & Flails | 3 6 7 8 11 12 | 12.8
Fighting       | |  3.5
Slings         | |  0.2
Armour         | |  3.4
Shields        | |  3.3

Action                   |  1- 3 |  4- 6 |  7- 9 || total
-------------------------+-------+-------+-------++-------
Melee: Flail             |   146 |   147 |   347 ||   640
 Fire: Hunting sling     |       |       |   162 ||   162
  Use: Potion            |       |     1 |     3 ||     4
       Scroll            |       |       |     4 ||     4
Armor: Scale mail        |    65 |    83 |    35 ||   183
       Chain mail        |       |       |   144 ||   144
       Swamp dragon scal |       |       |    34 ||    34
Dodge: Dodged            |    33 |    38 |    71 ||   142
Block: Kite shield       |    78 |    72 |   150 ||   300
